 Dungeon Crawl Stone Soup version 0.17.1-1-g73c8601 (webtiles) character file.

41 JustSomeDude the Insei (level 3, -3/29 HPs)
             Began as a Demonspawn Monk on Dec 22, 2015.
             Was a Believer of Qazlal.
             Slain by Grinder (5 damage)
             ... on level 3 of the Dungeon.
             The game lasted 00:02:58 (1200 turns).

JustSomeDude the Insei (Demonspawn Monk)            Turns: 1200, Time: 00:02:58

Health: -3/29      AC:  4    Str: 11    XL:     3   Next: 32%
Magic:  3/3        EV: 19    Int: 13    God:    Qazlal [**....]
Gold:   91         SH:  2    Dex: 21    Spells: 0 memorised, 2 levels left

rFire  . . .     SeeInvis .       - Unarmed
rCold  . . .     Clarity  .     a - +0 robe
rNeg   . . .     SustAt   .     (no shield)
rPois  .         Gourm    .     (no helmet)
rElec  .         Spirit   .     (no cloak)
rCorr  .         Warding  .     (no gloves)
rMut   .         Stasis   .     (no boots)
MR     .....                    (no amulet)
Stlth  +++.......               (no ring)
                                m - +2 ring of intelligence

@: agile, not resistant to hostile enchantments, fairly stealthy
A: claws 1, thin metallic scales 1
a: Upheaval, Renounce Religion


You were on level 3 of the Dungeon.
You worshipped Qazlal.
Qazlal was pleased with you.
You were hungry.

You visited 1 branch of the dungeon, and saw 3 of its levels.

You collected 91 gold pieces.

Inventory:

Armour
 a - a +0 robe (worn)
Jewellery
 m - a +2 ring of intelligence (left claw)
Wands
 d - a wand of frost (21)
Potions
 e - 2 potions of brilliance
Comestibles
 b - a bread ration
 c - 3 beef jerkies
 i - 2 slices of pizza
 k - 2 meat rations


   Skills:
 + Level 3.3 Fighting
 + Level 3.1 Dodging
 + Level 2.0 Stealth
 + Level 4.0 Unarmed Combat


You had 2 spell levels left.
You didn't know any spells.

Dungeon Overview and Level Annotations

Branches:
Dungeon (3/15)

Altars:
Nemelex Xobeh
Qazlal
Trog

Annotations:
D:3 Grinder


Innate Abilities, Weirdness & Mutations

You have sharp fingernails.
You are partially covered in thin metallic scales (AC +2).


Message History

Grinder gestures at you. You resist with significant effort.
Grinder hits you but does no damage.
You can move again.
Unknown command.
Unknown command.
You closely miss Grinder.
Grinder is heavily wounded.
Grinder completely misses you.
You closely miss Grinder.
Grinder is heavily wounded.
Grinder gestures.
Grinder blinks!
You scratch Grinder.
Grinder is heavily wounded.
Grinder misses you.
You closely miss Grinder.
Grinder is heavily wounded.
Grinder hits you.
You die...

............# ####............ #
........######.≈≈###.#.#......
#.##.####.# ##..≈.≈≈≈###........
........####...≈≈≈≈≈≈#........#
#.##.####.......≈≈≈≈≈≈##.....#.#
................≈.≈≈≈≈#......#.#
................≈≈≈≈≈≈###....#.#
...####.#####..5≈≈≈≈≈≈###....†.#
#<.....###.@§≈≈≈≈##.........
###.#....###≈.≈###.#.....###
#.#5.##.###### #.......##.
####.#..##.#.##$ #.##....##.
.##............... .........##.
..................###.###......
.##.##...#.....#.. # #...##. #
#...#.#.#.# ....##.
#...#.#.#.#..# ##...##.


You could see Grinder.

Vanquished Creatures
  An adder (D:2)
  2 worms
  2 giant geckos
  8 bats
  4 goblins
  A quokka (D:2)
  2 giant newts (D:1)
  5 kobolds
  5 rats
30 creatures vanquished.

Notes
Turn   | Place    | Note
--------------------------------------------------------------
     0 | D:1      | JustSomeDude the Demonspawn Monk began the quest for the Orb.
     0 | D:1      | Reached XP level 1. HP: 18/18 MP: 1/1
   157 | D:1      | Gained mutation: You have sharp fingernails. [demonic ancestry]
   157 | D:1      | Reached XP level 2. HP: 22/24 MP: 2/2
   550 | D:2      | Found a stormy altar of Qazlal.
   652 | D:2      | Became a worshipper of Qazlal Stormbringer
   652 | D:2      | Reached * piety under Qazlal
   652 | D:2      | Reached ** piety under Qazlal
   686 | D:2      | Reached skill level 4 in Unarmed Combat
   691 | D:2      | Found a sparkling altar of Nemelex Xobeh.
   947 | D:2      | Found a bloodstained altar of Trog.
   952 | D:2      | Gained mutation: You are partially covered in thin metallic scales (AC +2). [demonic ancestry]
   952 | D:2      | Reached XP level 3. HP: 24/29 MP: 3/3
  1147 | D:3      | Noticed Grinder
  1158 | D:3      | Paralysed by Grinder for 4 turns
  1176 | D:3      | Paralysed by Grinder for 3 turns
  1185 | D:3      | Paralysed by Grinder for 7 turns
  1186 | D:3      | HP: 1/29 [Grinder/nerve-wracking pain (3)]
  1200 | D:3      | Slain by Grinder

Action                   || total
-------------------------++-------
Melee: Unarmed           ||   104
  Use: Potion            ||     5
       Scroll            ||     5
 Stab: Sleeping          ||     2
